 Dungeon Crawl Stone Soup version 0.31-a0-236-g9a0961fb85 (webtiles) character file.

Game seed: 8432631997233037652

19209 Shard1697 the Severer (level 13, -2/172 HPs)
             Began as a Meteoran Berserker on July 10, 2023.
             Was a High Priest of Trog.
             Shot with a sling bullet by a centaur warrior (14 damage)
             ... on level 13 of the Dungeon.
             The game lasted 00:23:09 (5570 turns).

Shard1697 the Severer (Meteoran Berserker)          Turns: 5570, Time: 00:23:10

Health: -2/172     AC: 19    Str: 25    XL:     13   Next: 30%
Magic:  0/14       EV:  9    Int: 13    God:    Trog [*****.]
Gold:   271        SH:  0    Dex: 14    Spells: 12/12 levels left

rFire   + . .        a - +1 war axe (venom)
rCold   + . .        (no shield)
rNeg    . . .        q - +1 plate armour
rPois   +            (no helmet)
rElec   .            m - +1 cloak
rCorr   .            B - +0 pair of gloves
SInv    .            (no boots)
Will    +....        h - amulet of guardian spirit Stlth
                     n - ring of protection from cold
HPRegen 0.48/turn    C - ring of New Discoveries {rPois rF+ Int+5}
MPRegen 0.14/turn

%: guardian spirit
@: berserking (expiring), lethally poisoned (-2 -> -6), glowing, very quick
A: sense surroundings 2, otherworldly, glowing, explore regen
a: Renounce Religion, Berserk, Trog's Hand, Brothers in Arms


You were on level 13 of the Dungeon.
You worshipped Trog.
Trog was extremely pleased with you.
You visited 1 branch of the dungeon, and saw 13 of its levels.

You collected 733 gold pieces.
You spent 462 gold pieces at shops.

Inventory:

Hand Weapons
 a - a +1 war axe of venom (weapon)
 b - the +6 shortbow of Ashenzari's Supremacy {flame, rPois rCorr Str-2 Int+5}
   (You found it on level 12 of the Dungeon)

   Str:       It affects your strength (-2).
   Int:       It affects your intelligence (+5).
   rPois:     It protects you from poison.
   rCorr:     It protects you from acid and corrosion.
 E - a +6 heavy executioner's axe
 I - a +0 morningstar
Missiles
 l - 6 throwing nets
 H - 4 javelins (quivered)
Armour
 m - a +1 cloak (worn)
 q - a +1 plate armour (worn)
 r - a +1 ring mail of fire resistance
 B - a +0 pair of gloves (worn)
Jewellery
 h - an amulet of guardian spirit (around neck)
 n - a ring of protection from cold (left hand)
 u - a ring of fire
 C - the ring of New Discoveries (right hand) {rPois rF+ Int+5}
   (You found it on level 11 of the Dungeon)

   [ring of poison resistance]

   Int:       It affects your intelligence (+5).
   rF:        It protects you from fire.
   rPois:     It protects you from poison.
 F - a ring of willpower
 G - an amulet of regeneration
Wands
 k - a wand of charming (9)
 o - a wand of iceblast (23)
 w - a wand of mindburst (13)
Scrolls
 f - a scroll of vulnerability
 g - 7 scrolls of teleportation
 t - a scroll of blinking
 x - a scroll of immolation {unknown}
 y - a scroll of poison
 z - a scroll of fog
 D - a scroll of revelation {unknown}
 V - a scroll of fear
Potions
 c - 2 potions of berserk rage
 d - a potion of might
 e - 4 potions of curing
 i - 5 potions of lignification
 j - 3 potions of mutation
 p - 2 potions of haste
 s - a potion of enlightenment
 A - a potion of resistance
Miscellaneous
 v - a lightning rod (3/4)


   Skills:
 - Level 10.9 Fighting
 * Level 16.3 Axes
 - Level 10.2 Armour
 * Level 4.8 Dodging
 + Level 10.1 Evocations


You had 12 spell levels left.
You didn't know any spells.
Your spell library was empty.

Dungeon Overview and Level Annotations

Branches:
Dungeon (13/15) Zot: 2246  Temple (0/1) D:4            Lair (0/5) D:11
    Orc (0/2) D:12
 Vaults: D:13-14

Altars:
Dithmenos
Fedhas
Qazlal
Uskayaw
Vehumet
The Shining One

Shops:
D:7 ?   D:9 (   D:12 !

Annotations:
D:3 1 runed translucent door, innerfire43's ghost, amateur DsMo
D:12 2 transporters, exclusion: oklob plant, Cesushri's ghost, journeyman MiBe


Innate Abilities, Weirdness & Mutations

You passively map the area around you.
You are easily found by Zot.
You glow in the dark.
You regain HP and MP as you explore.


Message History

* * * LOW HITPOINT WARNING * * *
The tengu reaver claws you but does no damage.
The tengu reaver blocks your attack.
The tengu reaver is moderately wounded.
You hit the tengu reaver.
The tengu reaver looks as sick as possible!
You feel sick.
You barely miss the tengu reaver.
The tengu reaver is moderately wounded.
You hit the tengu reaver but do no damage.
You feel sick.
The tengu reaver hits you with a +0 war axe!
* * * LOW HITPOINT WARNING * * *
The tengu reaver pecks you.
* * * LOW HITPOINT WARNING * * *
The tengu reaver claws you but does no damage.
You are too berserk!
The tengu reaver blocks your attack.
The tengu reaver is moderately wounded.
You hit the tengu reaver but do no damage.
The tengu reaver looks as sick as possible!
You feel sick.
You kill the tengu reaver!
Trog accepts your kill.
Trog appreciates your killing of a magic user.
Your lightning rod (3/4) has regained one charge.
Your Evocations skill increases to level 10!
You miss the tengu reaver.
The tengu reaver is moderately wounded.
You feel sick.
The tengu reaver hits you with a +0 war axe.
* * * LOW HITPOINT WARNING * * *
The tengu reaver pecks you but does no damage.
The tengu reaver claws you but does no damage.
The tengu reaver blocks your attack.
The tengu reaver is moderately wounded.
You feel sick.
The centaur warrior shoots a sling bullet.
The sling bullet hits you!
You die...

* * , , , #..* ,,
*, #.# * * ** #.#
, , #c# ,## * #.#
. # #.# .## * #
#.###. * # #@#.#*
* # #)Q# * # ##.#
### # #.#
#.########### #.#
#.#.......... #.#
#.....#######
#.#####.#........
#.......#########
#########


You could see a tengu reaver (very poisoned) and a centaur warrior.

Vanquished Creatures
  A tengu reaver (D:13)
  Harold (D:11)
  A boulder beetle (D:11)
  A centaur warrior (D:13)
  A deep elf pyromancer (D:13)
  A manticore (D:11)
  A deep elf zephyrmancer (D:9)
  A cyclops (D:12)
  An ugly thing (D:12)
  A gargoyle (D:13)
  A komodo dragon (D:12)
  2 efreet (D:13)
  6 trolls
  5 slime creatures (D:12)
  A shadow (D:10)
  14 yaks
  A wyvern (D:11)
  Grum (D:9)
  5 steam dragons
  10 vampire mosquitoes
  An acid dragon (D:13)
  3 orc warriors
  An ice beast (D:5)
  3 sky beasts
  6 centaurs
  2 wolves (D:9)
  3 ogres
  A phantom (D:4)
  7 kobold brigands
  4 bullfrogs
  A gnoll sergeant (D:12)
  5 scorpions
  5 killer bees (D:7)
  4 howler monkeys
  2 jellies
  3 hounds
  8 orc priests
  A sleepcap (D:5)
  3 iguanas
  Natasha (thrice) (D:4)
  4 orc wizards
  10 gnolls
  3 adders
  2 shadow imps
  An ufetubus (D:5)
  3 worms (D:4)
  5 dart slugs
  43 orcs
  2 ball pythons (D:4)
  A bat (D:3)
  4 endoplasms
  3 giant cockroaches
  5 hobgoblins
  4 jackals (D:1)
  A quokka (D:5)
  A frilled lizard (D:3)
  9 goblins
  15 kobolds
  5 rats (D:1)
243 creatures vanquished.

Vanquished Creatures (collateral kills)
  2 two-headed ogres (D:11)
  A komodo dragon (D:11)
  A troll (D:11)
  A wraith (D:11)
  3 yaks (D:11)
  3 black bears (D:11)
  2 bullfrogs (D:11)
13 creatures vanquished.

Vanquished Creatures (others)
  A wolf (D:9)
  An orc wizard (D:11)
2 creatures vanquished.

Grand Total: 258 creatures vanquished

Notes
Turn   | Place    | Note
-------+----------+-------------------------------------------
     0 | D:1      | Shard1697 the Meteoran Berserker began the quest for the
                  | Orb.
     0 | D:1      | Reached XP level 1. HP: 19/19 MP: 2/2
    16 | D:1      | Reached skill level 4 in Axes
    17 | D:1      | Reached XP level 2. HP: 16/26 MP: 3/3
   176 | D:1      | Reached XP level 3. HP: 31/31 MP: 4/4
   230 | D:1      | Reached ** piety under Trog
   305 | D:2      | Reached skill level 5 in Axes
   517 | D:3      | Reached XP level 4. HP: 29/38 MP: 1/5
   603 | D:3      | Reached skill level 6 in Axes
   847 | D:2      | Found a blossoming altar of Fedhas.
  1052 | D:3      | Found a runed translucent door.
  1055 | D:3      | Noticed a bullfrog
  1056 | D:3      | Noticed innerfire43's ghost (amateur DsMo)
  1129 | D:4      | Reached XP level 5. HP: 46/46 MP: 4/6
  1179 | D:4      | Found a staircase to the Ecumenical Temple.
  1198 | D:4      | Reached XP level 6. HP: 33/52 MP: 4/7
  1222 | D:4      | Reached skill level 7 in Axes
  1224 | D:4      | Noticed Natasha
  1229 | D:4      | Killed Natasha
  1230 | D:4      | Reached skill level 5 in Fighting
  1230 | D:4      | Reached XP level 7. HP: 43/61 MP: 8/8
  1300 | D:4      | Noticed Natasha
  1305 | D:4      | Killed Natasha
  1353 | D:4      | Noticed Natasha
  1370 | D:4      | Killed Natasha
  1371 | D:4      | Reached skill level 8 in Axes
  1388 | D:4      | Found a glowing golden altar of the Shining One.
  1540 | D:5      | Entered Level 5 of the Dungeon
  1589 | D:5      | Reached XP level 8. HP: 66/70 MP: 7/9
  1721 | D:5      | Found a radiant altar of Vehumet.
  1733 | D:5      | Reached *** piety under Trog
  1859 | D:5      | Reached skill level 9 in Axes
  1859 | D:5      | Reached skill level 1 in Evocations
  2167 | D:6      | Noticed a steam dragon
  2177 | D:6      | Killed a steam dragon
  2178 | D:6      | Gained mutation: You passively map the area around you.
                  | [Meteoran growth]
  2178 | D:6      | Reached XP level 9. HP: 48/79 MP: 4/10
  2340 | D:6      | Reached skill level 10 in Axes
  2753 | D:7      | Found Etor's Magic Scroll Shoppe.
  2782 | D:7      | Reached **** piety under Trog
  2792 | D:7      | Bought a scroll of fear for 52 gold pieces
  2792 | D:7      | Bought a scroll of enchant armour for 97 gold pieces
  2792 | D:7      | Bought a scroll of identify for 26 gold pieces
  2792 | D:7      | Bought a scroll of poison for 52 gold pieces
  2792 | D:7      | Bought a scroll of fog for 52 gold pieces
  2792 | D:7      | Bought a scroll of teleportation for 39 gold pieces
  3053 | D:8      | Found a stormy altar of Qazlal.
  3079 | D:8      | Reached skill level 11 in Axes
  3097 | D:8      | Reached XP level 10. HP: 91/91 MP: 11/11
  3164 | D:8      | Reached skill level 5 in Evocations
  3229 | D:8      | Found a shadowy altar of Dithmenos.
  3288 | D:9      | Reached skill level 10 in Fighting
  3290 | D:9      | Reached skill level 12 in Axes
  3408 | D:9      | Noticed Grum
  3422 | D:9      | Killed Grum
  3454 | D:9      | Found a blossoming altar of Fedhas.
  3535 | D:9      | Found Savvusot's Weapon Boutique.
  3640 | D:9      | Reached XP level 11. HP: 85/101 MP: 9/12
  3769 | D:9      | Noticed a deep elf zephyrmancer
  3775 | D:9      | Killed a deep elf zephyrmancer
  3776 | D:9      | Reached skill level 13 in Axes
  3883 | D:10     | Entered Level 10 of the Dungeon
  3893 | D:10     | Found a hide-covered altar of Uskayaw.
  4093 | D:10     | Reached ***** piety under Trog
  4147 | D:10     | Reached skill level 5 in Armour
  4315 | D:11     | Noticed a boulder beetle
  4337 | D:11     | Killed a boulder beetle
  4339 | D:11     | Reached skill level 14 in Axes
  4346 | D:11     | Noticed a two-headed ogre
  4478 | D:11     | Noticed Harold
  4497 | D:11     | Killed Harold
  4522 | D:11     | Reached XP level 12. HP: 74/108 MP: 6/13
  4524 | D:11     | Noticed a two-headed ogre
  4527 | D:11     | Killed a two-headed ogre
  4533 | D:11     | Killed a two-headed ogre
  4604 | D:11     | Found a staircase to the Lair.
  4676 | D:11     | Identified the ring of New Discoveries {rPois rF+ Int+5}
  4718 | D:11     | Reached skill level 15 in Axes
  4908 | D:12     | Identified the +1 leather armour of Free Will {Int+2}
  4964 | D:12     | Received a gift from Trog
  4972 | D:12     | Found Oqitul's Distillery.
  5035 | D:12     | Found a transporter.
  5050 | D:12     | Bought a potion of might for 48 gold pieces
  5050 | D:12     | Bought a potion of mutation for 96 gold pieces
  5055 | D:12     | Noticed Cesushri's ghost (journeyman MiBe)
  5072 | D:12     | Noticed a tengu warrior
  5083 | D:12     | Found a transporter.
  5204 | D:12     | Found a staircase to the Orcish Mines.
  5209 | D:12     | Reached skill level 10 in Armour
  5262 | D:12     | Reached XP level 13. HP: 102/115 MP: 12/14
  5302 | D:12     | Identified the +6 shortbow of Ashenzari's Supremacy {flame,
                  | rPois rCorr Str-2 Int+5}
  5358 | D:13     | Noticed a centaur warrior
  5378 | D:13     | Killed a centaur warrior
  5415 | D:13     | Reached skill level 16 in Axes
  5541 | D:13     | Noticed a tengu reaver
  5541 | D:13     | Noticed a tengu reaver
  5562 | D:13     | Noticed a centaur warrior
  5568 | D:13     | Killed a tengu reaver
  5569 | D:13     | Reached skill level 10 in Evocations
  5570 | D:13     | Shot with a sling bullet by a centaur warrior

Illustrated notes

Levels and vault maps discovered:
D:1:      dpeg_arrival_shelter, layout_rooms
D:2:      layout_loops_ring, basic_altar
D:3:      layout_loops_ring, ebering_ghost_sewer_f
D:4:      layout_cave_pools, lemuel_coloured_pillars_altar, tso_oasis_becter,
          minmay_temple_entry_glass, supply_closet_lemuel, minmay_vboxes,
          uniq_natasha
D:5:      layout_loops_corners, vehumet_crystals
D:6:      layout_loops_ring, nzn_hepliaklqana_mist_gate,
          amcnicky_mini_corridor_feature
D:7:      layout_basic, serial_shops, shop, st_stairs_7
D:8:      layout_cave_pools, mainiacjoe_overflow_six_doors_small,
          nicolae_dithmenos_the_darkroom
D:9:      layout_basic, trog_wizard, amcnicky_altar_gilded, serial_shops, shop,
          guppyfry_early_elven_hall, uniq_grum
D:10:     layout_roguey, eat_drink_and_be_merry_uskayaw
D:11:     layout_basic, due_lair_maze_entry_diamond, hex_tiny, uniq_harold
D:12:     layout_loops_ring, kennysheep_orc_monster_closet_entryway,
          serial_shops, nicolae_shop_competitors_out_of_business,
          nzn_ghost_randoct
D:13:     minmay_mutant_horseshoe, layout_loops_ring, lemuel_flamethrower_2

Skill      XL: |  1  2  3  4  5  6  7  8  9 10 11 12 13 |
---------------+----------------------------------------+-----
Axes           | 4 5 6 7 8 9 11 12 14 15 16 | 16.3
Fighting       | 4 5 6 7 9 10 | 10.9
Evocations     | 2 4 6 8 9 10 | 10.1
Armour         | 7 10 | 10.2
Dodging        | 4 |  4.8

Action                     |  1- 3 |  4- 6 |  7- 9 | 10-12 | 13-15 || total
---------------------------+-------+-------+-------+-------+-------++-------
  Melee: Hand axe          |    68 |    44 |       |       |       ||   112
         Punch             |       |     2 |     2 |     7 |     1 ||    12
         War axe           |       |    27 |   223 |   333 |    61 ||   644
 Invoke: Berserk           |     1 |     1 |       |     3 |     1 ||     6
         Brothers in Arms  |       |       |       |     1 |       ||     1
  Evoke: Lightning rod     |       |       |       |     4 |       ||     4
    Use: Scroll            |       |     4 |    10 |     2 |       ||    16
         Potion            |       |       |       |     3 |       ||     3
 Armour: Animal skin       |    10 |       |       |       |       ||    10
         Ring mail         |    17 |    13 |       |       |       ||    30
         Plate armour      |       |    32 |   151 |   233 |    35 ||   451
  Dodge: Dodged            |    45 |    23 |    71 |    89 |    12 ||   240

Table legend: (Time is in decaauts)
 A = Elapsed time spent in this place.
 B = Non-inter-level travel time spent in this place.
 C = Inter-level travel time spent in this place.
 D = Time resting spent in this place.
 E = Time spent auto-exploring this place.
 F = Levels seen in this place.
 G = Mean time per level.
                   A        B        C        D        E       F      G
               +--------+--------+--------+--------+--------+-----+--------+
         Total |   5553 |   4986 |    567 |     44 |     85 |  13 |  427.2 |
       Dungeon |   5553 |   4986 |    567 |     44 |     85 |  13 |  427.2 |
               +--------+--------+--------+--------+--------+-----+--------+

Top non-repeatable levels by time:
     D:9: 619 daAuts
     D:7: 548 daAuts
    D:12: 517 daAuts
     D:5: 508 daAuts
    D:11: 474 daAuts
     D:3: 463 daAuts
     D:4: 444 daAuts
    D:10: 421 daAuts
     D:2: 397 daAuts
     D:6: 390 daAuts
     D:8: 290 daAuts
     D:1: 276 daAuts
    D:13: 201 daAuts
